 Dungeon Crawl Stone Soup version 0.19.4-8-ga85b6b9 (webtiles) character file.

71 Naow the Firebug (level 4, -6/24 HPs)
             Began as a Deep Elf Fire Elementalist on Feb 11, 2017.
             Engulfed by a cloud of flame (20 damage)
             ... on level 3 of the Dungeon.
             The game lasted 00:02:41 (2105 turns).

Naow the Firebug (Deep Elf Fire Elementalist)       Turns: 2105, Time: 00:02:42

Health: -6/24      AC:  3    Str:  5    XL:     4   Next: 5%
Magic:  1/12       EV: 13    Int: 21    God:
Gold:   110        SH:  0    Dex: 15    Spells: 3 memorised, 5 levels left

rFire  . . .     SeeInvis .     h - +2 short sword (drain)
rCold  . . .     Gourm    .     a - +0 robe
rNeg   . . .     Faith    .     (no shield)
rPois  .         Spirit   .     (no helmet)
rElec  .         Reflect  .     (no cloak)
rCorr  .         Harm     .     n - +0 pair of gloves
MR     .....                    (no boots)
Stlth  ++........               (no amulet)
                                (no ring)
                                (no ring)

@: no status effects
A: no striking features
a: no special abilities


You were on level 3 of the Dungeon.
You were hungry.

You visited 1 branch of the dungeon, and saw 3 of its levels.

You collected 110 gold pieces.

Inventory:

Hand Weapons
 h - a +2 short sword of draining (weapon)
Armour
 a - a +0 robe (worn)
 n - a +0 pair of gloves (worn)
 q - a +1 pair of gloves
Scrolls
 d - a scroll of teleportation {unknown}
 i - 3 scrolls of remove curse {unknown}
 j - 2 scrolls of magic mapping {unknown}
 l - 3 scrolls of identify {unknown}
 o - 2 scrolls of noise {unknown}
Potions
 e - 2 potions of cancellation {unknown}
 f - 3 potions of might {unknown}
 g - a potion of curing {unknown}
 k - 2 potions of ambrosia {unknown}
 p - 2 potions of flight {unknown}
Books
 b - a book of Flames

   Spells                             Type                      Level
   a - Flame Tongue                   Conjuration/Fire             1
   b - Throw Flame                    Conjuration/Fire             2
   c - Conjure Flame                  Conjuration/Fire             3
   d - Inner Flame                    Hexes/Fire                   3
   e - Sticky Flame                   Conjuration/Fire             4
   f - Fireball                       Conjuration/Fire             5
Comestibles
 c - 2 bread rations
 m - a meat ration


   Skills:
 - Level 2.4 Dodging
 - Level 2.4 Stealth
 + Level 4.0 Spellcasting
 + Level 2.3 Conjurations
 + Level 4.3 Fire Magic


You had 5 spell levels left.
You knew the following spells:

 Your Spells              Type           Power        Failure   Level  Hunger
a - Flame Tongue          Conj/Fire      ###..        3%          1    None
b - Throw Flame           Conj/Fire      ###...       6%          2    #......
c - Conjure Flame         Conj/Fire      ###.....     12%         3    ###....


Dungeon Overview and Level Annotations

Branches:
Dungeon (3/15)

Altars:


Message History

You kill the jackal!
Casting: Flame Tongue
Confirm with . or Enter, or press ? or * to list all spells.
Aiming: Flame Tongue
Press: ? - help, Shift-Dir - straight line, f/p - jackal
Aim: a jackal The flame tongue hits the iguana.
The iguana appears unharmed.
The iguana bites you!
Casting: Flame Tongue
Confirm with . or Enter, or press ? or * to list all spells.
Aiming: Conjure Flame
Press: ? - help, Dir - move target cursor, p - jackal The fire roars!
The iguana bites you but does no damage.
Really walk into that cloud of flame? [Y]es or [N]o only, please.
Really walk into that cloud of flame?
You are engulfed in roaring flames.
Ouch! That really hurt!
You die...

###....†........#
#...............#
#.##.##.........#
#.........#
#...†.....#
..<>.##.....##
#.#######.....#
#=.....##.....#
#@##.....#
#.##gw...#
#l##.#####
#.#.##h##.#
#.....g##.#####
###.###.......#
#.....#.##.....
#####..... .#.#
#.#....#.#


You could see an iguana, a jackal and a hobgoblin.

Vanquished Creatures
  An adder (D:2)
  2 worms (D:2)
  3 dart slugs (D:1)
  A leopard gecko (D:1)
  4 giant cockroaches
  2 goblins
  8 hobgoblins
  A jackal (D:3)
  2 ball pythons (D:1)
  5 bats
  3 frilled lizards
  4 kobolds
  15 rats
51 creatures vanquished.

Notes
Turn   | Place    | Note
-------+----------+-------------------------------------------
     0 | D:1      | Naow the Deep Elf Fire Elementalist began the quest for the Orb.
     0 | D:1      | Reached XP level 1. HP: 10/10 MP: 6/6
   168 | D:1      | Reached XP level 2. HP: 15/15 MP: 2/8
   702 | D:1      | Reached XP level 3. HP: 19/19 MP: 8/10
   706 | D:1      | Learned a level 2 spell: Throw Flame
   710 | D:1      | Learned a level 3 spell: Conjure Flame
  1755 | D:2      | Found a faded altar of an unknown god.
  2073 | D:3      | Reached XP level 4. HP: 24/24 MP: 10/12
  2105 | D:3      | Engulfed by a cloud of flame

Skill      XL: |  1  2  3 |
---------------+----------+-----
Fire Magic     | 4 |  4.3
Conjurations   | 2 |  2.3
Spellcasting   | 4 |  4.0
Dodging        | |  2.4
Stealth        | |  2.4

Action                   |  1- 3 |  4- 6 || total
-------------------------+-------+-------++-------
Melee: Unarmed           |     3 |       ||     3
       Short sword       |     1 |       ||     1
 Cast: Flame Tongue      |    62 |     7 ||    69
       Throw Flame       |    13 |     2 ||    15
       Conjure Flame     |       |     1 ||     1
  Eat: Chunk             |     3 |       ||     3
Armor: Robe              |     5 |     3 ||     8
Dodge: Dodged            |    23 |     9 ||    32
